 Dungeon Crawl Stone Soup version bcrawl-1.15.1 (webtiles) character file.

Game seed: 17681258451764462122

98420 MisterOstroum the Devastator (level 15, -10/137 HPs)
             Began as a Djinni Conjurer on Sept 27, 2019.
             Was a High Priest of Vehumet.
             Killed from afar by a thorn hunter (14 damage)
             ... with a volley of thorns
             ... on level 2 of the Swamp.
             The game lasted 00:55:34 (26409 turns).

MisterOstroum the Devastator (Djinni Conjurer)     Turns: 26409, Time: 00:55:35

Health: -10/137    AC:  9    Str: 17    XL:     15   Next: 74%
Magic:  29/40      EV: 16    Int: 22    God:    Vehumet [*****.]
Gold:   1923       SH:  4    Dex: 11    Spells: 21/44 levels left

rFire    + . .     SeeInvis .   E - +4 eveningstar
rCold    + . .     Gourm    .   X - +0 buckler
rNeg     . . .     Faith    .   S - +1 leather armour {MR+}
rPois    +         Spirit   .   h - +2 helmet
rElec    .         Reflect  .   q - +2 cloak
rCorr    .         Harm     .   Z - +0 pair of gloves
MR       ++...     Rnd*Rage +   (boots unavailable) Stlth +.........Rnd*Tele +
                                V - amulet of regeneration
HPRegen  0.72/turn              k - +4 ring of strength
MPRegen  0.27/turn              L - ring of protection from cold

@: flying, very slightly contaminated
A: never pass out, berserk 2, blink, blurry vision 2, deformed body, fire
resistance 1, high mp 2, poison resistance, teleportitis 1, wild magic 3,
disrupted magic 1, MP-powered wands, floating
a: Blink, Renounce Religion


You were on level 2 of the Swamp.
You worshipped Vehumet.
Vehumet was extremely pleased with you.
You were not hungry.

You visited 5 branches of the dungeon, and saw 22 of its levels.

You collected 2341 gold pieces.
You spent 418 gold pieces at shops.

Inventory:

Hand Weapons
 d - a +3 dagger of venom
 E - a +4 eveningstar (weapon)
 R - the +6 rapier of the Scorpion {pain, rPois Dex+2}
   (You found it on level 4 of the Lair of Beasts)

   In the hands of one skilled in necromantic magic, it inflicts extra damage on
   living creatures.
   It affects your dexterity (+2).
   It protects you from poison.
Missiles
 g - 70 sling bullets
 j - 3069 stones (quivered)
 G - 2 throwing nets {!f!f}
 I - 2189 arrows
Armour
 h - a +2 helmet (worn)
 q - a +2 cloak (worn)
 S - a +1 leather armour of magic resistance (worn)
 X - a +0 buckler (worn)
 Z - a +0 pair of gloves (worn)
Jewellery
 k - a +4 ring of strength (left hand)
 m - an uncursed ring of resist corrosion
 x - an uncursed ring of insulation
 L - a ring of protection from cold (right hand)
 U - an uncursed ring of wizardry
 V - an amulet of regeneration (around neck)
Wands
 f - a wand of digging (9)
 l - a wand of scattershot (5)
 v - a wand of polymorph (15)
 B - a wand of enslavement (5)
 O - a wand of disintegration (27)
 Q - a wand of iceblast (4)
 T - a wand of random effects (10)
 W - a wand of clouds (6)
Scrolls
 n - 2 scrolls of blinking
 o - 8 scrolls of teleportation {@r3 !r}
 p - 5 scrolls of amnesia
 t - 9 scrolls of identify {@r1}
 y - 2 scrolls of fear {!r}
 z - 5 scrolls of fog
 A - 6 scrolls of immolation
 D - 4 scrolls of enchant armour
 F - 5 scrolls of remove curse {@r2}
 N - a scroll of silence
Potions
 a - 3 potions of ambrosia
 b - a potion of lignification {@q6}
 c - 2 potions of magic
 r - 5 potions of berserk rage
 s - 2 potions of brilliance
 C - 2 potions of agility {@q5 !q}
 J - a potion of cancellation
 M - 6 potions of might {@q3 !q}
 Y - a potion of curing {@q1 !q}
Miscellaneous
 P - a lamp of fire
Comestibles
 e - 21 rations {!d}


   Skills:
 + Level 13.8 Fighting
 + Level 5.8 Maces & Flails
 - Level 10.0 Dodging
 - Level 1.5 Stealth
 - Level 4.0 Shields
 - Level 15.0 Spellcasting
 - Level 15.0 Conjurations
 - Level 11.1 Transmutations
 * Level 7.4 Fire Magic
 - Level 5.6 Ice Magic
 - Level 5.1 Evocations


You had 21 spell levels left.
You knew the following spells:

 Your Spells              Type           Power        Failure   Level  Hunger
a - Magic Dart            Conj           ####         1%          1    None
b - Searing Ray           Conj           ######       1%          2    None
c - Iskenderun's Mystic   Conj           ########     1%          3    None
d - Irradiate             Conj/Tmut      #######...   2%          5    ###....
e - Sticks to Snakes      Tmut           #######.     3%          2    None
f - Throw Icicle          Conj/Ice       #######.     2%          4    None
g - Bolt of Fire          Conj/Fire      #######...   9%          6    #####..

Your spell library contained the following spells:

 Spells                   Type           Power        Failure   Level  Hunger
 Dazzling Spray           Conj/Hex       ######       2%          3    None
 Beastly Appendage        Tmut           ######       3%          1    None
 Fulminant Prism          Conj/Hex       #######...   4%          4    None
 Sandblast                Erth           ####..       6%          1    None
 Yara's Violent Unravell  Hex/Tmut       ######....   7%          4    None
 Spider Form              Tmut/Pois      ###          12%         3    None
 Ice Form                 Ice/Tmut       #######.     12%         4    None
 Blade Hands              Tmut           #######...   12%         5    ###....
 Ensorcelled Hibernation  Hex/Ice        ######       16%         2    None
 Apportation              Tloc           ####..       22%         1    None
 Infusion                 Chrm           ####....     22%         1    None
 Slow                     Hex            ####....     22%         1    None
 Summon Butterflies       Summ           ####....     22%         1    None
 Ozocubu's Armour         Chrm/Ice       ######..     22%         3    None
 Petrify                  Tmut/Erth      ######..     24%         4    None
 Song of Slaying          Chrm           ####....     30%         2    None
 Confuse                  Hex            ####....     43%         3    None
 Regeneration             Chrm/Necr      ####......   43%         3    None
 Spectral Weapon          Hex/Chrm       ####....     43%         3    None
 Tree Form                Hex/Tmut       N/A          43%         5    ###....
 Mana Rupture             Conj/Hex       #######...   63%         7    ######.
 Metabolic Englaciation   Hex/Ice        ######....   71%         5    ###....
 Dragon Form              Tmut           #######      71%         7    ######.
 Statue Form              Tmut/Erth      ######...    86%         6    #####..
 Piercing Shot            Chrm           ####......   95%         5    ###....
 Silence                  Hex/Air        ####......   95%         5    ###....
 Infestation              Hex/Tmut/Pois  ######...    97%         6    #####..
 Borgnjor's Vile Clutch   Necr/Erth      ####......   100%        6    #####..
 Darkness                 Hex            ####......   100%        6    #####..
 Deflect Missiles         Chrm/Air       ####......   100%        6    #####..
 Shadow Creatures         Summ           N/A          100%        6    #####..
 Discord                  Hex            ####......   100%        8    #######
 Necromutation            Tmut/Necr      ######..     100%        8    #######
 Time Stop                Chrm/Tloc      N/A          100%        8    #######


Dungeon Overview and Level Annotations

Branches:
Dungeon (12/12)            Temple (1/1) D:5            Lair (6/6) D:9
  Swamp (2/3) Lair:2        Snake (0/3) Lair:4        Slime (0/5) Lair:5
    Orc (1/1) D:10            Elf (0/3) Orc          Vaults (0/3) D:11
 Depths (0/5) D:12

Altars:
Ashenzari
Dithmenos
Elyvilon
Fedhas
Gozag
Hepliaklqana
Kikubaaqudgha
Lugonu
Makhleb
Nemelex Xobeh
Okawaru
Qazlal
Ru
Sif Muna
Trog
Uskayaw
Vehumet
Wu Jian
Xom
Yredelemnul
Zin
The Shining One
Beogh
Jiyva

Shops:
D:7 :   D:12 *   Orc [?*%

Annotations:
Lair:1 2 transporters, Rivaler's ghost, novice TrBe


Innate Abilities, Weirdness & Mutations

You never pass out after going berserk.
You often lose your temper in combat.
You can translocate small distances at will.
Scrolls take you longer to read.
Your flesh is heat resistant. (rF+)
You have a considerably increased reservoir of magic. (+20% MP)
Your spells are much harder to cast, but much more powerful.
Your casting is slightly disrupted.
You expend magic power (3 MP) to strengthen your wands.
Your body floats in the air.
Armour fits poorly on your strangely shaped body.
Your system is resistant to poisons. (rPois)
You are occasionally teleported next to monsters.


Message History

The death drake is almost dead.
The orb of energy explodes!
The swamp worm closely misses you.
Casting: Iskenderun's Mystic Blast (safe; 1% risk of failure)
Confirm with . or Enter, or press ? or * to list all spells.
Aiming: Iskenderun's Mystic Blast (safe; 1% risk of failure)
Press: ? - help, Shift-Dir - straight line, f/p - death drake
Aim: a death drake (almost dead)
The orb of energy hits the death drake.
You kill the death drake!
Vehumet accepts your kill.
You feel your power returning.
The orb of energy explodes!
The swamp worm misses you.
Casting: Iskenderun's Mystic Blast (safe; 1% risk of failure)
Confirm with . or Enter, or press ? or * to list all spells.
Aiming: Iskenderun's Mystic Blast (safe; 1% risk of failure)
Press: ? - help, Shift-Dir - straight line, f - swamp worm
Aim: a swamp worm The orb of energy hits the swamp worm.
You kill the swamp worm!
Vehumet accepts your kill. The alligator closely misses you.
The alligator tail-slaps you. You block the alligator's attack.
The alligator barely misses you.
Casting: Iskenderun's Mystic Blast (safe; 1% risk of failure)
Confirm with . or Enter, or press ? or * to list all spells.
Aiming: Iskenderun's Mystic Blast (safe; 1% risk of failure)
Press: ? - help, Shift-Dir - straight line, f - alligator
Aim: an alligator The orb of energy hits the alligator.
The alligator is moderately wounded.
A thorn hunter comes into view.
The alligator puts on a burst of speed!
Casting: Iskenderun's Mystic Blast (safe; 1% risk of failure)
Confirm with . or Enter, or press ? or * to list all spells.
Aiming: Iskenderun's Mystic Blast (safe; 1% risk of failure)
Press: ? - help, Shift-Dir - straight line, f/p - alligator
Aim: an alligator (moderately wounded, covering ground quickly)
The orb of energy hits the alligator.
The alligator is heavily wounded.
The orb of energy explodes!
The alligator misses you. x2
The thorn hunter gestures.
Thorny briars emerge from the ground!
Casting: Iskenderun's Mystic Blast (safe; 1% risk of failure)
Confirm with . or Enter, or press ? or * to list all spells.
Aiming: Iskenderun's Mystic Blast (safe; 1% risk of failure)
Press: ? - help, Shift-Dir - straight line, f/p - alligator
Aim: an alligator (heavily wounded, covering ground quickly)
The orb of energy hits the alligator.
The alligator is almost dead.
The orb of energy explodes!
The alligator bites you!
The alligator tail-slaps you but does no damage.
Casting: Iskenderun's Mystic Blast (safe; 1% risk of failure)
Confirm with . or Enter, or press ? or * to list all spells.
Aiming: Iskenderun's Mystic Blast (safe; 1% risk of failure)
Press: ? - help, Shift-Dir - straight line, f/p - alligator
Aim: an alligator (almost dead, covering ground quickly)
The orb of energy misses the alligator.
The orb of energy explodes!
The alligator bites you!! The alligator completely misses you.
The alligator bites you!!
* * * LOW HITPOINT WARNING * * *
The alligator misses you.
Casting: Iskenderun's Mystic Blast (safe; 1% risk of failure)
Confirm with . or Enter, or press ? or * to list all spells.
Aiming: Iskenderun's Mystic Blast (safe; 1% risk of failure)
Press: ? - help, Shift-Dir - straight line, f/p - alligator
Aim: an alligator (almost dead, covering ground quickly)
The orb of energy hits the alligator.
You kill the alligator!
Vehumet accepts your kill.
You feel your power returning.
The orb of energy explodes!
The thorn hunter fires a volley of thorns at you.
The volley of thorns hits you!
* * * LOW HITPOINT WARNING * * *
Casting: Iskenderun's Mystic Blast (safe; 1% risk of failure)
Confirm with . or Enter, or press ? or * to list all spells.
Aiming: Iskenderun's Mystic Blast (safe; 1% risk of failure)
Press: ? - help, Shift-Dir - straight line, f - thorn hunter
Aim: a thorn hunter (water)
The orb of energy hits the thorn hunter.
The thorn hunter is heavily damaged.
The orb of energy explodes!
Casting: Iskenderun's Mystic Blast (safe; 1% risk of failure)
Confirm with . or Enter, or press ? or * to list all spells.
Aiming: Iskenderun's Mystic Blast (safe; 1% risk of failure)
Press: ? - help, Shift-Dir - straight line, f/p - thorn hunter
Aim: a thorn hunter (water, heavily damaged)
The orb of energy hits the thorn hunter.
The thorn hunter is severely damaged.
The thorn hunter fires a volley of thorns at you.
The volley of thorns hits you!
* * * LOW HITPOINT WARNING * * *
Casting: Iskenderun's Mystic Blast (safe; 1% risk of failure)
Confirm with . or Enter, or press ? or * to list all spells.
You don't have enough magic to cast that spell.
Casting: Iskenderun's Mystic Blast (safe; 1% risk of failure)
Confirm with . or Enter, or press ? or * to list all spells.
You don't have enough magic to cast that spell.
Magic courses through your body.
The thorn hunter fires a volley of thorns at you.
The volley of thorns hits you!
You die...

..≈$.≈♣...♣♣≈♣♣♣
♣.≈≈.....≈≈.≈.♣♣
♣.≈≈≈....♣.[≈..♣♣
♣.≈≈≈...≈.§≈≈≈.♣
♣.≈≈.≈.§.≈≈≈≈≈.♣
♣.≈f≈.)≈.≈≈≈≈≈.♣.≈
♣.≈≈)<)..≈≈≈≈....≈
♣≈♣♣....≈≈≈≈P.≈≈≈.
♣♣$@♣♣♣.≈.♣♣♣...
♣♣†.....♣♣ ≈..
♣♣.≈...P♣ ..≈.≈PP≈


>PPPPPPP≈♣ ..PPPPPPP♣♣ ♣≈..♣.)..♣♣ ♣♣♣.≈≈. You could see a thorn hunter.

Vanquished Creatures
  Rupert (Lair:4)
  2 entropy weavers (Lair:6)
  Josephine (Lair:4)
  A yaktaur captain (D:12)
  A rakshasa (D:12)
  6 hydras
  A vault guard (D:11)
  Psyche (D:11)
  4 centaur warriors
  3 shambling mangroves (Swamp:1)
  4 two-headed ogres
  6 alligators
  8 death yaks
  A queen ant (Lair:6)
  Sonja (D:11)
  A death drake (Swamp:2)
  4 spriggan druids
  3 swamp dragons (Swamp:1)
  3 deep elf archers
  6 cyclopes
  5 deep elf magi
  2 orc knights (Orc)
  A wolf spider (Lair:6)
  8 orc sorcerers (Orc)
  3 ugly things
  3 manticores
  13 black mambas
  A salamander (shapeshifter) (D:8)
  A guardian serpent (Lair:6)
  A gargoyle (D:10)
  16 cane toads
  A rime drake (Lair:3)
  4 centaur skeletons
  2 efreet
  A yaktaur (D:12)
  6 komodo dragons
  3 meliai (D:11)
  6 trolls
  5 tyrant leeches
  Grinder (D:4)
  13 hornets
  11 slime creatures
  4 bog bodies
  7 dream sheep (Lair:4)
  3 blink frogs (Lair:1)
  4 hippogriffs
  A polar bear (Lair:2)
  3 shadows
  8 wraiths
  2 redbacks (Lair:6)
  6 spriggans
  A vampire (D:12)
  10 wyverns (Lair:6)
  33 yaks
  Eustachio (D:4)
  3 basilisks
  3 hungry ghosts
  11 vampire mosquitoes
  An acid dragon (D:12)
  4 swamp worms
  6 soldier ants (Lair:6)
  10 wargs (Orc)
  17 water moccasins
  4 porcupines
  6 swamp drakes
  3 ice beasts
  5 sky beasts
  9 orc warriors
  An eye of draining (shapeshifter) (D:11)
  A phantom (D:5)
  3 black bears (D:6)
  An eye of draining (D:12)
  9 ogres
  5 boggarts (D:11)
  2 necrophages
  6 wolves
  4 centaurs
  7 crocodiles
  6 bullfrogs
  A big kobold (D:11)
  A gnoll sergeant (D:8)
  A wyvern skeleton (D:4)
  4 scorpions
  12 killer bees
  9 wights
  2 electric eels (Lair:2)
  5 howler monkeys
  6 crimson imps
  3 jellies
  A quasit (D:5)
  4 centaur zombies
  6 orc priests
  6 hounds
  30 orc wizards
  5 iguanas
  Ijyb (D:4)
  36 worker ants
  A hound skeleton (D:6)
  2 worker ant zombies
  6 gnolls
  11 adders
  6 shadow imps
  An adder skeleton (D:5)
  2 worms
  3 dart slugs
  3 leopard geckos
  73 orcs
  A giant cockroach (D:1)
  3 goblins
  8 hobgoblins
  11 jackals
  4 quokkas
  2 ball pythons (D:1)
  6 bats
  2 frilled lizards
  14 kobolds
  A quokka skeleton (D:5)
  6 rats (D:1)
  A fungus (Lair:6)
  4 plants (Lair:6)
679 creatures vanquished.

Vanquished Creatures (others)
  9 fungi
  8 plants (Lair:6)
17 creatures vanquished.

Grand Total: 696 creatures vanquished

Notes
Turn   | Place    | Note
-------+----------+-------------------------------------------
     0 | D:1      | MisterOstroum the Djinni Conjurer began the quest for the
                  | Orb.
     0 | D:1      | Reached XP level 1. HP: 14/14 MP: 4/4
   270 | D:1      | Reached XP level 2. HP: 20/20 MP: 3/6
   276 | D:1      | Learned a level 2 spell: Searing Ray
   994 | D:2      | Reached XP level 3. HP: 26/26 MP: 6/8
  1072 | D:2      | Reached skill level 5 in Conjurations
  1186 | D:2      | Learned a level 3 spell: Iskenderun's Mystic Blast
  1746 | D:3      | Found an ancient bone altar of Kikubaaqudgha.
  1748 | D:3      | Reached skill level 5 in Spellcasting
  1748 | D:3      | Gained mutation: Your spells are harder to cast, but more
                  | powerful. [Djinni growth]
  1748 | D:3      | Gained mutation: You can translocate small distances at
                  | will. [Djinni growth]
  1748 | D:3      | Reached XP level 4. HP: 33/33 MP: 8/11
  2018 | D:3      | Noticed an ogre
  2021 | D:3      | Killed an ogre
  2021 | D:3      | Reached skill level 1 in Fighting
  2021 | D:3      | Reached XP level 5. HP: 41/41 MP: 5/12
  2115 | D:3      | Found a shadowy altar of Dithmenos.
  2714 | D:4      | Noticed an ogre
  2718 | D:4      | Killed an ogre
  2718 | D:4      | Reached XP level 6. HP: 50/50 MP: 2/13
  2859 | D:4      | Noticed Ijyb
  2862 | D:4      | Killed Ijyb
  3092 | D:4      | Noticed a sky beast
  3110 | D:4      | Killed a sky beast
  3377 | D:4      | Reached XP level 7. HP: 47/58 MP: 4/14
  3626 | D:4      | Noticed Eustachio
  3631 | D:4      | Killed Eustachio
  4066 | D:4      | Noticed Grinder
  4071 | D:4      | Killed Grinder
  4071 | D:4      | Reached skill level 5 in Fighting
  4288 | D:5      | Entered Level 5 of the Dungeon
  4369 | D:5      | Gained mutation: Your spells are much harder to cast, but
                  | much more powerful. [Djinni growth]
  4369 | D:5      | Reached XP level 8. HP: 51/70 MP: 15/17
  4379 | D:5      | Reached skill level 1 in Evocations
  4664 | D:5      | Found a glowing golden altar of the Shining One.
  4903 | D:5      | Found a radiant altar of Vehumet.
  5027 | D:5      | Found a staircase to the Ecumenical Temple.
  5037 | Temple   | Entered the Ecumenical Temple
  5275 | D:5      | Became a worshipper of Vehumet
  5814 | D:5      | Found a radiant altar of Vehumet.
  5885 | D:5      | Reached XP level 9. HP: 75/75 MP: 11/21
  5934 | D:6      | Reached skill level 5 in Dodging
  5943 | D:5      | Learned a level 5 spell: Irradiate
  6221 | D:6      | Reached skill level 1 in Transmutations
  6296 | D:6      | Found a bloodstained altar of Trog.
  6311 | D:6      | Got a faintly glowing war axe
  6335 | D:6      | Found a white marble altar of Elyvilon.
  6347 | D:6      | Reached skill level 5 in Evocations
  6750 | D:6      | Reached * piety under Vehumet
  6750 | D:6      | Offered knowledge of Flame Tongue by Vehumet.
  6919 | D:6      | Found a burning altar of Makhleb.
  7187 | D:7      | Reached skill level 10 in Conjurations
  7456 | D:7      | Reached skill level 5 in Transmutations
  7536 | D:7      | Found Qeaxzen's Book Shoppe.
  7612 | D:7      | Noticed a troll
  7614 | D:7      | Killed a troll
  7614 | D:7      | Reached XP level 10. HP: 83/83 MP: 12/22
  7843 | D:7      | Noticed a two-headed ogre
  7847 | D:7      | Killed a two-headed ogre
  7897 | D:7      | Gained mutation: You have an uncontrollable temper.
                  | [mutagenic glow]
  7936 | D:7      | Gained mutation: Your body sometimes deteriorates upon
                  | taking damage. [mutagenic glow]
  7958 | D:7      | Gained mutation: Scrolls take you much longer to read.
                  | [mutagenic glow]
  8260 | D:8      | Offered knowledge of Throw Frost by Vehumet.
  8263 | D:8      | Reached ** piety under Vehumet
  8305 | D:8      | Noticed a cyclops
  8309 | D:8      | Killed a cyclops
  8412 | D:8      | Noticed a centaur warrior
  8424 | D:8      | Killed a centaur warrior
  8733 | D:8      | Noticed a swamp dragon
  8960 | D:8      | Noticed a salamander
  8960 | D:8      | a raiju changed into a salamander
  8964 | D:8      | Killed a salamander
  9514 | D:9      | Reached XP level 11. HP: 89/89 MP: 12/23
  9529 | D:9      | Offered knowledge of Conjure Flame by Vehumet.
  9600 | D:9      | Identified the cursed +1 war axe of Kobak {vamp, MR- Int+4
                  | Dex+2} (You found it on level 6 of the Dungeon)
  9961 | D:9      | Noticed a two-headed ogre
  9966 | D:9      | Killed a two-headed ogre
 10489 | D:9      | Noticed a death yak
 10592 | D:8      | Killed a death yak
 10703 | D:9      | Reached *** piety under Vehumet
 10800 | D:9      | Reached skill level 10 in Transmutations
 10859 | D:9      | Noticed a death yak
 10859 | D:9      | Noticed a death yak
 10879 | D:9      | Noticed a death yak
 10882 | D:9      | Noticed a death yak
 10969 | D:8      | Killed a death yak
 10971 | D:8      | Killed a death yak
 11044 | D:9      | Killed a death yak
 11055 | D:9      | Killed a death yak
 11055 | D:9      | Offered knowledge of Inner Flame by Vehumet.
 11185 | D:9      | Found a staircase to the Lair.
 11456 | D:10     | Entered Level 10 of the Dungeon
 11459 | D:10     | Noticed a deep elf mage
 11462 | D:10     | Killed a deep elf mage
 11516 | D:10     | Found a staircase to the Orcish Mines.
 11551 | D:10     | Reached skill level 10 in Spellcasting
 11744 | D:10     | Noticed a purple ugly thing
 11749 | D:10     | Killed a green ugly thing
 11789 | D:10     | Gained mutation: Your casting is slightly disrupted.
                  | [Djinni growth]
 11789 | D:10     | Gained mutation: Your flesh is heat resistant. (rF+)
                  | [Djinni growth]
 11789 | D:10     | Gained mutation: You have an increased reservoir of magic.
                  | (+10% MP) [Djinni growth]
 11789 | D:10     | Gained mutation: You have a considerably increased
                  | reservoir of magic. (+20% MP) [Djinni growth]
 11789 | D:10     | Reached XP level 12. HP: 99/102 MP: 19/31
 12437 | Lair:1   | Entered Level 1 of the Lair of Beasts
 12482 | Lair:1   | Reached **** piety under Vehumet
 12609 | Lair:1   | Found a transporter.
 12613 | Lair:1   | Noticed Rivaler's ghost (novice TrBe)
 12626 | Lair:1   | Found a transporter.
 13331 | Lair:2   | Offered knowledge of Venom Bolt by Vehumet.
 13524 | Lair:2   | Found a staircase to the Swamp.
 13941 | Lair:2   | Noticed an eight-headed hydra
 13944 | Lair:2   | Killed an eight-headed hydra
 14399 | Lair:3   | Learned a level 2 spell: Sticks to Snakes
 14727 | Lair:3   | Got a crude arbalest
 14728 | Lair:3   | Identified the +4 arbalest "Kuuzoloe" {freeze, MP+9 Dex+5}
                  | (You found it on level 3 of the Lair of Beasts)
 14799 | Lair:3   | Reached skill level 15 in Conjurations
 15171 | Lair:4   | Noticed a six-headed hydra
 15234 | Lair:4   | Noticed Josephine
 15238 | Lair:4   | Killed Josephine
 15255 | Lair:4   | Reached skill level 10 in Fighting
 15482 | Lair:4   | Reached XP level 13. HP: 99/113 MP: 31/33
 15557 | Lair:4   | Noticed Rupert
 15604 | Lair:4   | Killed Rupert
 15854 | Lair:4   | Got a shimmering rapier
 16085 | Lair:4   | Found a staircase to the Snake Pit.
 16657 | Lair:5   | Reached ***** piety under Vehumet
 16863 | Lair:5   | Found a viscous altar of Jiyva.
 16863 | Lair:5   | Found a staircase to the Slime Pits.
 17163 | Lair:5   | Offered knowledge of Throw Icicle by Vehumet.
 17169 | Lair:5   | Learned a level 4 spell: Throw Icicle
 17332 | Lair:6   | Entered Level 6 of the Lair of Beasts
 17342 | Lair:6   | Reached skill level 1 in Ice Magic
 17694 | Lair:6   | Noticed an entropy weaver
 17702 | Lair:6   | Killed an entropy weaver
 17712 | Lair:6   | Identified the +6 rapier of the Scorpion {pain, rPois
                  | Dex+2} (You found it on level 4 of the Lair of Beasts)
 18142 | Lair:6   | Noticed an entropy weaver
 18148 | Lair:6   | Killed an entropy weaver
 18670 | Lair:6   | Reached XP level 14. HP: 62/125 MP: 27/36
 19000 | Lair:6   | Offered knowledge of Bolt of Cold by Vehumet.
 20300 | D:11     | Noticed Psyche
 20306 | D:11     | Killed Psyche
 20427 | D:11     | Found a stormy altar of Qazlal.
 20483 | D:11     | Reached skill level 10 in Dodging
 20552 | D:11     | Noticed Sonja
 20562 | D:11     | Killed Sonja
 20595 | D:11     | Reached skill level 5 in Ice Magic
 21409 | D:11     | Found a gate to the Vaults.
 21476 | D:12     | Entered Level 12 of the Dungeon
 21565 | D:12     | Offered knowledge of Lightning Bolt by Vehumet.
 21808 | D:12     | Found Xuces's Assorted Antiques.
 21825 | D:12     | Bought an eveningstar for 390 gold pieces
 21870 | D:12     | Reached skill level 1 in Shields
 21894 | D:12     | Reached skill level 1 in Maces & Flails
 22855 | D:12     | Found a staircase to the Depths.
 23020 | Orc      | Entered the Orcish Mines
 23398 | Orc      | Reached XP level 15. HP: 105/135 MP: 19/39
 23834 | Orc      | Found a roughly hewn altar of Beogh.
 23840 | Orc      | Offered knowledge of Bolt of Fire by Vehumet.
 23848 | Orc      | Learned a level 6 spell: Bolt of Fire
 24010 | Orc      | Reached skill level 1 in Fire Magic
 24192 | Orc      | Found Egaimox's Magic Scroll Emporium.
 24192 | Orc      | Found Iwul's Armour Boutique.
 24462 | Orc      | Found a staircase to the Elven Halls.
 24552 | Orc      | Found Piagg's Food Emporium.
 24552 | Orc      | Found Bomischah's Assorted Antiques.
 24566 | Orc      | Bought a purple potion for 28 gold pieces
 24569 | Orc      | Lost mutation: Your body sometimes deteriorates upon taking
                  | damage. [potion of mutation]
 24569 | Orc      | Lost mutation: You have an uncontrollable temper. [potion
                  | of mutation]
 24569 | Orc      | Lost mutation: Scrolls take you much longer to read.
                  | [potion of mutation]
 24569 | Orc      | Gained mutation: You are occasionally teleported next to
                  | monsters. [potion of mutation]
 24569 | Orc      | Gained mutation: Armour fits poorly on your strangely
                  | shaped body. [potion of mutation]
 24569 | Orc      | Gained mutation: Your system is resistant to poisons.
                  | (rPois) [potion of mutation]
 24839 | Swamp:1  | Entered Level 1 of the Swamp
 25373 | Swamp:1  | Reached skill level 5 in Fire Magic
 25714 | Swamp:2  | Reached skill level 5 in Maces & Flails
 26055 | Swamp:2  | Reached skill level 15 in Spellcasting
 26214 | Swamp:2  | HP: 2/137 [swamp dragon (11)]
 26402 | Swamp:2  | Noticed a thorn hunter
 26408 | Swamp:2  | HP: 3/137 [thorn hunter/volley of thorns (18)]
 26409 | Swamp:2  | Killed from afar by a thorn hunter

Skill      XL: |  1  2  3  4  5  6  7  8  9 10 11 12 13 14 15 |
---------------+----------------------------------------------+-----
Spellcasting   | 4 5 6 8 10 12 14 15 | 15.0
Conjurations   | 5 6 7 8 10 12 13 15 | 15.0
Fighting       | 1 2 3 5 6 8 10 11 13 | 13.8
Evocations     | 3 5 |  5.1
Dodging        | 4 5 7 9 10 | 10.0
Transmutations | 5 8 10 11 | 11.1
Ice Magic      | 3 5 |  5.6
Shields        | 4 |  4.0
Maces & Flails | 3 5 |  5.8
Fire Magic     | 7 |  7.4
Stealth        | |  1.5

Action                   |  1- 3 |  4- 6 |  7- 9 | 10-12 | 13-15 || total
-------------------------+-------+-------+-------+-------+-------++-------
Melee: Dagger            |    31 |    46 |    56 |    52 |       ||   185
       War axe           |       |       |       |    10 |       ||    10
       Rapier            |       |       |       |       |    28 ||    28
       Eveningstar       |       |       |       |       |    51 ||    51
 Fire: Arbalest          |       |       |       |       |     2 ||     2
 Cast: Magic Dart        |    67 |    30 |    37 |    59 |    34 ||   227
       Iskenderun's Myst |     2 |    21 |    86 |   266 |   650 ||  1025
       Searing Ray       |       |     2 |     1 |     1 |       ||     4
       Irradiate         |       |       |       |     9 |    16 ||    25
 Abil: Blink             |       |       |     2 |     2 |     8 ||    12
  Use: Potion            |       |       |     5 |     9 |     5 ||    19
       Scroll            |       |       |     7 |     4 |    15 ||    26
 Stab: Sleeping          |     2 |       |       |     1 |       ||     3
  Eat: Chunk             |     3 |     3 |    13 |    23 |    29 ||    71
       Ration            |       |     1 |       |     3 |     2 ||     6
Armor: Robe              |     7 |     9 |    31 |    33 |       ||    80
       Leather armour    |       |       |       |       |    53 ||    53
Dodge: Dodged            |    26 |    28 |    93 |    97 |   205 ||   449
Block: Buckler           |       |       |       |       |    27 ||    27
